 Dungeon Crawl Stone Soup version 0.24.0-125-gc4c63601f3 (webtiles) character file.

Game seed: 7978216474797323742, levelgen mode: deterministic

19 Motbakke the Conjurer (level 2, 0/19 HPs)
             Began as a Human Conjurer on Mar 16, 2020.
             Succumbed to an adder's poison
             ... on level 3 of the Dungeon.
             The game lasted 00:20:30 (1511 turns).

Motbakke the Conjurer (Human Conjurer)              Turns: 1511, Time: 00:20:31

Health: 0/19       AC:  3    Str:  8    XL:     2   Next: 95%
Magic:  5/5        EV: 12    Int: 15    God:
Gold:   35         SH:  0    Dex: 13    Spells: 2/5 levels left

rFire    . . .     SeeInvis .   f - +0 dagger
rCold    . . .     Gourm    .   (no shield)
rNeg     . . .     Faith    .   a - +1 robe
rPois    .         Spirit   .   (no helmet)
rElec    .         Reflect  .   (no cloak)
rCorr    .         Harm     .   (no gloves)
MR       .....                  (no boots)
Stlth    ++........             (no amulet)
HPRegen  0.06/turn              (no ring)
MPRegen  0.09/turn              (no ring)

@: lethally poisoned (0 -> -8)
A: no striking features
a: no special abilities


You were on level 3 of the Dungeon.
You were full.

You visited 1 branch of the dungeon, and saw 3 of its levels.

You collected 35 gold pieces.

Inventory:

Hand Weapons
 f - a +0 dagger (weapon)
 j - a +0 short sword
 n - a cursed -1 whip
Missiles
 b - 78 stones
 h - 24 poisoned darts (quivered)
 i - 44 bolts
Armour
 a - a +1 robe (worn)
 d - a +0 robe
Scrolls
 e - a scroll of remove curse
Comestibles
 c - a ration


   Skills:
 + Level 0.1 Short Blades
 + Level 1.0 Throwing
 + Level 2.0 Dodging
 + Level 2.0 Stealth
 + Level 2.0 Spellcasting
 + Level 4.5 Conjurations


You had 2 spell levels left.
You knew the following spells:

 Your Spells              Type           Power        Failure   Level  Hunger
a - Magic Dart            Conj           ###.         3%          1    #......
b - Searing Ray           Conj           ###...       5%          2    ###....

Your spell library contained the following spells:

 Spells                   Type           Power        Failure   Level  Hunger
 Dazzling Spray           Conj/Hex       #.....       26%         3    ###....
 Iskenderun's Mystic Bla  Conj           ###.....     34%         4    #####..
 Force Lance              Conj/Tloc      #.......     65%         4    #####..
 Fulminant Prism          Conj/Hex       #.........   65%         4    #####..


Dungeon Overview and Level Annotations

Branches:
Dungeon (3/15)

Altars:


Message History

You feel sick.
You feel sick. The adder bites you but does no damage.
You feel sick. The adder bites you.
You are more poisoned.
The adder poisons you!
You hear the brisk rusting of a very distant drain.
You feel sick. The adder bites you.
You feel sick. The adder closely misses you.
There is a stone staircase leading up here.
You feel sick. The adder bites you.
* * * LOW HITPOINT WARNING * * *
You are more poisoned.
The adder poisons you!
Found a stone staircase leading down.
Okay, then.
You aren't carrying any potions.
You eat one of the 2 rations.
That ration really hit the spot!
You die...

###############
..............#
#############.# #
#.# ..#
######<#####....#
.........S@......#
#####...########>.
.......# ####...#
#...# #...# #≈...
≈≈≈#


You could see an adder.

Vanquished Creatures
  A dart slug (D:1)
  A leopard gecko (D:2)
  A bat (D:1)
  3 goblins
  4 hobgoblins (D:1)
  A kobold (D:1)
  2 frilled lizards (D:1)
  2 rats (D:1)
15 creatures vanquished.

Notes
Turn   | Place    | Note
-------+----------+-------------------------------------------
     0 | D:1      | Motbakke the Human Conjurer began the quest for the Orb.
     0 | D:1      | Reached XP level 1. HP: 13/13 MP: 3/3
   368 | D:1      | Reached XP level 2. HP: 19/19 MP: 5/5
   980 | D:2      | Learned a level 2 spell: Searing Ray
   982 | D:2      | Reached skill level 1 in Throwing
  1511 | D:3      | Succumbed to an adder's poison

Levels and vault maps discovered:
D:1:      denvon_arrival_planthouse, layout_basic, minivault_23,
          minmay_misc_feat_ornament
D:2:      layout_basic
D:3:      minmay_door_path, layout_basic, portal_sewer_entry_e, serial_rivers,
          chequers_serial_rivers_micro_a, chequers_serial_rivers_micro_a,
          chequers_serial_rivers_small_a, chequers_serial_rivers_room_a,
          nemelex_spade_bored_becter

Skill      XL: |  1  2 |
---------------+-------+-----
Throwing       | 1 |  1.0
Short Blades   | |  0.1
Dodging        | |  2.0
Stealth        | |  2.0
Spellcasting   | |  2.0
Conjurations   | |  4.5

Action                   || total
-------------------------++-------
Melee: Short sword       ||    29
       Unarmed           ||     2
       Dagger            ||     2
Throw: Dart              ||    37
       Stone             ||     3
 Cast: Magic Dart        ||     8
  Use: Scroll            ||     6
       Potion            ||     1
  Eat: Ration            ||     2
Armor: Robe              ||     5
Dodge: Dodged            ||    23
